Map: Beckett Industries LE

Players

Player 2

  • Race: Terran Terran

TheAbbott - Winner!

  • Race: Terran Terran
  • League: Bronze

VOD

Have the link to the VOD?

Description

Time

  • Played on: July 22, 2021, 10:04 p.m.
  • Length: 6:48
Show
View Real Time Build Order
Export as new Build Order

Player 2 Terran 

Build Orders:  

Get SALT Encoding   

  12  0:00  SCV  
  13  0:13  SCV  
  14  0:18  Supply Depot  
  14  0:38  Refinery  
  14  0:44  Barracks  
  14  1:04  Supply Depot  
  14  1:13  Refinery  
  14  1:30  SCV  
  14  1:31  Marine  
  16  1:43  SCV  
  17  1:55  SCV  
  18  2:05  Marine  
  18  2:07  SCV  
  20  2:19  SCV  
  21  2:31  SCV  
  22  2:39  Marine  
  22  2:44  Orbital Command  
  23  4:59  Marine  
  24  5:01  SCV  
  24  5:02  Supply Depot  
  12  5:13  SCV  
  4  5:25  SCV  
  4  5:28  Marine  
  1  5:56  Marine  
  2  6:25  Marine  
Show
View Real Time Build Order
Export as new Build Order

TheAbbott Terran - Winner!

Build Orders: 1/1/1 

Get SALT Encoding   

  12  0:00  SCV  
  13  0:12  SCV  
  14  0:17  Supply Depot  
  14  0:24  SCV  
  15  0:29  Refinery  
  15  0:39  SCV  
  16  0:46  Barracks  
  16  0:51  SCV  
  16  0:56  Refinery  
  17  1:03  SCV  
  18  1:15  SCV  
  19  1:33  Orbital Command, Marine  
  19  1:37  Factory  
  20  1:48  Supply Depot  
  20  2:01  SCV  
  21  2:05  Marine  
  22  2:16  SCV  
  23  2:22  Marine  
  23  2:23  Factory Tech Lab  
  23  2:24  Starport  
  23  2:27  Supply Depot  
  24  2:31  SCV  
  25  2:40  Marine  
  25  2:43  SCV  
  27  2:46  Siege Tank  
  30  2:52  Supply Depot  
  30  2:58  Marine  
  30  3:00  Medivac  
  33  3:16  Marine  
  33  3:18  Siege Tank  
  37  3:30  Medivac  
  37  3:34  Marine  
  40  3:52  Marine  
  40  3:55  Command Center  
  41  4:19  Starport Reactor  
  41  4:23  Factory Reactor  
  41  4:25  Stimpack  
  41  4:28  SCV  
  42  4:35  Barracks  
  42  4:37  Barracks  
  42  4:40  SCV  
  42  4:45  Engineering Bay  
  43  4:51  Engineering Bay  
  43  5:16  Orbital Command  
  43  5:32  Orbital Command  
  43  5:36  SCV, Starport Reactor  
  43  5:38  Factory Tech Lab  
  44  5:48  SCV, Marine x4  
  44  5:49  Marine  
  50  6:00  SCV x2  
  52  6:12  SCV x2, Marine x2  
  52  6:13  Marine x3  
  52  6:14  Siege Tank  
  62  6:25  Supply Depot  
  62  6:27  Supply Depot  
Tags
 
Add a new tag
Caveats
  • Supply blocks, unpowered buildings, or Contaminate may cause inaccurate times.
  • Supply counts are checked every 10 seconds.